[Event "34th GER-ch Seniors-65 2022"]
[Site "Magdeburg"]
[Date "2022.08.16"]
[Round "5.9"]
[White "Gruzmann, Boris"]
[Black "Pueschel, Werner"]
[Result "1/2-1/2"]
[ECO "B42"]
[WhiteElo "2173"]
[BlackElo "2034"]
[Annotator "TA"]
[PlyCount "102"]
[EventDate "2022.08.12"]
[EventType "swiss"]
[EventCountry "GER"]
[SourceTitle "playchess.com"]
[Source "ChessBase"]
[SourceQuality "1"]
[TimeControl "40/5400+30:1800+30"]

1. e4 c5 2. Nf3 e6 3. d4 cxd4 4. Nxd4 a6 5. Bd3 Nf6 6. O-O Qc7 7. Kh1 Nc6 {[%emt 0:00:49] B42: Sicilian: Kan Variation: 5 Bd3.} 8. Nb3 {[%emt 0:02:54] [#]} b6 $146 ({Predecessor:} 8... d6 9. a4 g6 10. f4 Bg7 11. Nc3 O-O 12. a5 Nd7 13. Qe1 Nc5 14. Qh4 Nxd3 15. cxd3 {1-0 (34) Saulina,V (2199)-Ptacnikova,L (2173) Chess.com INT 2022}) 9. Nc3 Bb7 10. f4 Nb4 11. Qe2 Be7 12. Bd2 Nxd3 13. cxd3 O-O 14. Rac1 Qd8 15. f5 exf5 (15... e5 $11) 16. Rxf5 $14 g6 17. Rf2 (17. Rff1 $16) 17... Nh5 $11 18. Rcf1 Bg5 {[%emt 0:02:03] Against Bh6} 19. Nd4 (19. Bxg5 $16 Qxg5 20. g4) 19... Bxd2 $14 20. Qxd2 Qh4 21. Kg1 Rae8 22. Qh6 {[%emt 0:03:32][%cal Og2g4] Threatens to win with g4!} Qe7 23. g4 Ng7 24. Rf6 {[%emt 0:01:00] White is much more active. The black rooks are badly placed.} ({Better is} 24. Nc2 $1 $16) 24... Qc5 $11 25. Nce2 {[%emt 0:03:40][%cal Ob2b4] Black must now prevent b4!} Ne6 26. Qe3 $36 {[%emt 0:01:52][%mdl 2048] Black is under pressure.} d5 (26... a5 $11) 27. e5 $14 Bc8 28. h3 Bd7 29. a3 a5 30. Rc1 Nxd4 31. Rxc5 $18 Nxe2+ 32. Qxe2 bxc5 33. Rd6 (33. Ra6 $18) 33... Be6 $16 34. Qd2 Ra8 (34... Rb8 $16 35. Qxa5 Rxb2) 35. Rc6 $2 (35. h4 $1 $18 ) 35... c4 $1 $14 36. Rc5 ({White should play} 36. Rb6 $16) 36... a4 (36... Rab8 $11) 37. Ra5 (37. Rb5 $1 $16) 37... Rxa5 $11 38. Qxa5 {[%emt 0:00:09][%mdl 4096] Endgame KQ-KRB} Rb8 39. dxc4 dxc4 40. Qxa4 Rxb2 41. Qa5 Rb3 42. Kh2 c3 43. Qc5 $2 {[%emt 0:01:21] [#]} (43. Qd8+ $11 Kg7 44. Qf6+ Kg8 45. Qd8+ Kg7 46. Qf6+ Kg8 47. Qd8+) 43... Rb2+ $1 $19 {[%emt 0:00:17][%mdl 1024] Black has strong compensation.} 44. Kg3 {[%emt 0:00:14] [#]} c2 $2 (44... Rb8 $1 $17 {Strongly threatening ...Rc8.} 45. a4 (45. Qxc3 $2 Rb3 $19) 45... Rc8) 45. Kf4 {[%emt 0:00:00] The position is equal.} h6 46. Qc3 g5+ 47. Ke4 Rb3 48. Qxc2 Rxa3 49. Qg2 Ra4+ 50. Ke3 Kg7 51. Qf1 Rc4 {[%emt 0:00:00] Quite a comeback for White.  Weighted Error Value: White=0.31/Black=0.21 (precise)} 1/2-1/2

[Event "34th GER-ch Seniors-65 2022"]
[Site "Magdeburg"]
[Date "2022.08.16"]
[Round "5.11"]
[White "Knaak, Joachim"]
[Black "Heid, Michael"]
[Result "1-0"]
[ECO "D18"]
[WhiteElo "2142"]
[BlackElo "1935"]
[Annotator "TA"]
[PlyCount "55"]
[EventDate "2022.08.12"]
[EventType "swiss"]
[EventCountry "GER"]
[SourceTitle "playchess.com"]
[Source "ChessBase"]
[SourceQuality "1"]
[TimeControl "40/5400+30:1800+30"]

1. d4 c6 2. c4 d5 3. Nf3 Nf6 4. Nc3 dxc4 5. a4 Bf5 6. e3 e6 7. Bxc4 Nbd7 8. O-O Bd6 9. h3 {[%emt 0:07:30] D18: Slav Defence: 5 a4 Bf5 6 e3.} O-O 10. Qe2 Ne4 11. Rd1 {[%emt 0:02:57] [#] White has an edge.} Qa5 $146 ({Predecessor:} 11... Qe7 12. Bd3 Nxc3 13. bxc3 Bxd3 14. Rxd3 e5 15. e4 f5 16. Qa2+ Kh8 17. Bg5 Nf6 18. dxe5 Bxe5 19. exf5 Rae8 20. Re3 h6 21. Nxe5 {1-0 (21) Teijeiro Barros,A (2176)-Diaz Begonte,M (1903) Pontevedra 2004}) 12. Nxe4 (12. Nh4 {keeps more tension.} Ndf6 13. Nxf5 exf5 14. Nxe4 Nxe4 15. f3) 12... Bxe4 13. Nd2 Bg6 (13... Bc2 $5 ) 14. e4 Nb6 15. e5 Bc7 (15... Be7 $1 $11) 16. b4 $1 $36 {[%emt 0:01:13][%mdl 2048] White is on the roll.} Qxb4 {[%emt 0:00:03] White must now prevent ...Bc2.} 17. Ba3 Qc3 18. Bxf8 Rxf8 {[%emt 0:00:03] [#]} 19. a5 $1 Nd5 20. Bxd5 cxd5 21. a6 bxa6 (21... Qb4 $142) 22. Rac1 Qa5 23. Nb3 {[%emt 0:03:41][%cal Bd2b3,Bb3c5,Bc5a6][%mdl 1056] White has strong compensation.} Qb6 24. Nc5 {[%emt 0:00:12] Strongly threatening Nd7.} Rd8 {[%emt 0:06:25] Against Nd7} (24... Re8 $16) 25. Qd2 (25. Qxa6 $6 Qxa6 26. Nxa6 Bb6 $16) 25... a5 {[%emt 0:10:41] [#]} (25... Rc8 $16 26. Qe2 Bd8) 26. Rc3 (26. Qc3 $1 $18 {and the rest is easy.}) 26... h6 $2 (26... Re8 $16) 27. Rdc1 $18 {[%emt 0:01:16] Hoping for Rb3.} Qb4 (27... a4 28. Qd1 (28. Nxa4 Qb4 $16) 28... Qb5 29. Nxe6 (29. Nxa4 Ba5 $16) (29. Qxa4 Qxa4 30. Nxa4 Ba5 $18) 29... fxe6) 28. Na6 {[%emt 0:00:37][%csl LRb4,LRc7] Weighted Error Value: White=0.16 (very precise) /Black=0.58} 1-0

[Event "34th GER-ch Seniors-65 2022"]
[Site "Magdeburg"]
[Date "2022.08.16"]
[Round "5.12"]
[White "Krueger, Erich"]
[Black "Ehlert, Horst"]
[Result "1/2-1/2"]
[ECO "D55"]
[WhiteElo "2135"]
[BlackElo "2011"]
[Annotator "TA"]
[PlyCount "118"]
[EventDate "2022.08.12"]
[EventType "swiss"]
[EventCountry "GER"]
[SourceTitle "playchess.com"]
[Source "ChessBase"]
[SourceQuality "1"]
[TimeControl "40/5400+30:1800+30"]

1. d4 d5 2. c4 e6 3. Nc3 Nf6 4. cxd5 exd5 5. Bg5 Be7 6. e3 O-O 7. Bd3 Nbd7 8. Qc2 b6 9. Nf3 Bb7 10. O-O c5 11. Ne5 h6 {[%emt 0:02:26] D55: Queen's Gambit Declined: 4 Bg5 Be7: Lines without ...h6 and 6...h6 7 Bxf6.} 12. Bh4 (12. Bf4 $11) 12... a6 ({Black should try} 12... Nxe5 $15 13. dxe5 Ng4) 13. f4 c4 {[%emt 0:25:09] White has an edge.} 14. Bf5 b5 {[%emt 0:02:56] [#]} 15. a3 $146 ({Predecessor:} 15. g4 Nb6 16. g5 Nfd7 17. Bh7+ Kh8 18. Qf5 Nxe5 19. dxe5 Bc8 20. Qc2 hxg5 21. Bf2 gxf4 {1-0 (35) Popov,J (2078)-Ratic,Z (1873) Novi Sad 2017}) 15... Re8 16. Rf3 Nf8 $1 17. Rg3 Ne4 $1 18. Bxe7 (18. Bxe4 $2 Bxh4 19. Bf3 Bxg3 20. hxg3 f6 $19) 18... Qxe7 (18... Rxe7 $11 19. Bxe4 (19. Nxe4 dxe4 20. Qd1 f6 $14) 19... dxe4) 19. Nxe4 $14 {[%emt 0:00:00] White is more active.} dxe4 20. Bxe4 Bxe4 21. Qxe4 f6 22. Qd5+ Qe6 23. Qxe6+ (23. Qb7 {is more complex.} Qe7 24. Qxe7 Rxe7 25. Nc6) 23... Nxe6 24. Ng4 (24. Nd7 $14 Kf7 25. f5) 24... Kf7 25. Rd1 a5 26. h4 Nc7 27. Nf2 Nd5 28. Re1 ({Better is} 28. e4 $1 $11 Nxf4 29. Rf3) 28... Nxf4 29. e4 $2 (29. Rf3 $11 {and White is okay.} Nd5 30. e4) 29... Ne6 (29... Rad8 $1 $19 30. Rg4 g5 31. hxg5 fxg5) 30. Rd1 Rad8 $1 31. d5 Nc5 32. Re3 Re5 33. Rde1 Rde8 34. g4 (34. g3 $142) 34... h5 $19 35. gxh5 Rxh5 36. Kg2 Rxh4 37. e5 (37. Kf3 $142) 37... fxe5 38. Rxe5 Rxe5 39. Rxe5 {[%emt 0:00:00][%mdl 4096] Endgame KRN-KRN} Kf6 40. Re8 Nd3 $2 ({Black should play} 40... Rd4 $19 41. Kf3 Rxd5) 41. d6 $2 (41. Ne4+ $15 Kf5 42. Nd6+ Kg4 43. Nxb5) 41... Rd4 (41... Nxb2 $2 42. Ne4+ Kf5 43. d7 Rxe4 44. Rf8+ Kg6 45. d8=Q $18) 42. Ne4+ Kf5 43. Ng3+ Kg6 $2 (43... Kg4 $19 44. Rg8 g5) 44. Re6+ $17 Kh7 (44... Kf7 $15 45. Re7+ Kf8) 45. Kf3 $11 Nxb2 46. Nf5 $2 (46. Ne4 $1 $11 {and White stays safe.} Kg8 47. Ng5) 46... Rd3+ $19 47. Ke4 $2 {[%emt 0:00:00] [#]} (47. Re3) 47... Na4 $2 (47... c3 $1 $19 {[%cal Rc3c2] ...c2 is the strong threat.} 48. Ne3 (48. Nd4 $2 Rxd4+ 49. Kxd4 c2 $19) 48... b4 49. axb4 axb4) 48. Re7 $14 Nc5+ (48... Kh8 $14) 49. Ke5 $18 b4 $2 (49... Rxa3 50. Rxg7+ Kh8 51. Rc7 Nd7+ 52. Rxd7 Ra2 53. Rg7 Re2+ 54. Kf6) (49... Rd1 $16) 50. Rxg7+ (50. axb4 $142 axb4 51. Rxg7+ Kh8 52. Rc7) 50... Kh8 51. Rc7 b3 52. Kf6 $2 (52. Rxc5 $18 {Rc8+ would kill now.} Kh7 53. Rxc4) 52... b2 {[%emt 0:01:03] And now ...Ne4+ would win.} 53. Kg6 $2 {[%emt 0:00:00][%mdl 8192] [#]} (53. Rc8+ $11 Kh7 54. Rc7+ Kh8 55. Rc8+ Kh7 56. Rc7+ Kh8) 53... Rg3+ $3 54. Nxg3 $19 b1=Q+ 55. Nf5 Qg1+ 56. Kh6 Qh2+ (56... Kg8 $142 57. Kh5 Ne6 58. Ne7+ Kf7 59. Nd5+ Nxc7 60. dxc7 Qc5 61. Kh4 c3 62. Nf4 Qxc7 63. Kg4 c2 64. Ne2 c1=Q 65. Nxc1 Qxc1 66. Kf3 Qe1 67. Kg2 Kf6 68. a4 Qe2+ 69. Kh1 Kf5 70. Kg1 Kf4 71. Kh1 Kg3 72. Kg1 Qg2#) 57. Kg6 Qg1+ 58. Kh6 Qh2+ 59. Kg6 {[%emt 0:00:10][%cal Rc7c8] The board is on fire.} Qg2+ {[%emt 0:03:07][%mdl 32768] Weighted Error Value: White=0.89/Black=0.91. An unexpected result.} 1/2-1/2

[Event "34th GER-ch Seniors-65 2022"]
[Site "Magdeburg"]
[Date "2022.08.17"]
[Round "6.4"]
[White "Matthey, Harald"]
[Black "Syre, Christian"]
[Result "1-0"]
[ECO "B22"]
[WhiteElo "2062"]
[BlackElo "2243"]
[Annotator "NA RC"]
[PlyCount "65"]
[EventDate "2022.08.12"]
[EventType "swiss"]
[EventCountry "GER"]
[SourceTitle "playchess.com"]
[Source "ChessBase"]
[SourceQuality "1"]
[TimeControl "40/5400+30:1800+30"]

1. e4 c5 2. c3 d5 3. exd5 Qxd5 4. Nf3 g6 5. d4 Bg7 6. dxc5 Qxd1+ 7. Kxd1 Nf6 8. Bb5+ Bd7 9. a4 O-O 10. Re1 Rd8 11. Bxd7 (11. Nbd2 $1 $14 {feels stronger.}) 11... Nbxd7 12. Kc2 Nd5 13. Be3 (13. c6 {is more appropriate.} bxc6 14. Nbd2) 13... Rac8 14. Nbd2 Nxc5 15. Bxc5 Rxc5 16. Ne4 Rc7 17. Rad1 Nb4+ 18. Kb1 Nd5 19. Kc2 $1 h6 20. Kb3 f5 ({Black should try} 20... Rdd7 $11) 21. Ng3 ({White should try} 21. c4 $1 $14 fxe4 22. Rxe4) 21... Rd6 (21... Rcd7 $5 ) 22. Nd4 Rb6+ (22... Bxd4 $5 23. Rxd4 Kf7 $11) 23. Kc2 (23. Nb5 {deserves consideration.}) 23... Nb4+ 24. Kb1 Bxd4 25. Rxd4 Nc6 (25... Rxc3 $5 26. Rxe7 (26. Rd8+ $2 Kf7 $19) 26... Nc6 $15) 26. Rd5 Kf7 27. Ne2 Ra6 28. b3 e6 (28... Ra5 $11 {feels stronger.} 29. Rxa5 Nxa5) 29. Rc5 Rd7 30. Kc2 e5 31. f3 Kf6 (31... Ra5 $11 {should be considered.} 32. Rb5 Kf6) 32. Nc1 b6 $18 33. Rxc6+ 1-0

[Event "34th GER-ch Seniors-65 2022"]
[Site "Magdeburg"]
[Date "2022.08.17"]
[Round "6.5"]
[White "Buchal, Stephan"]
[Black "Kuhn, Gerd"]
[Result "1-0"]
[ECO "A11"]
[WhiteElo "2230"]
[BlackElo "2049"]
[Annotator "NA RC"]
[PlyCount "71"]
[EventDate "2022.08.12"]
[EventType "swiss"]
[EventCountry "GER"]
[SourceTitle "playchess.com"]
[Source "ChessBase"]
[SourceQuality "1"]
[TimeControl "40/5400+30:1800+30"]

1. c4 c6 2. g3 d5 3. Nf3 Nf6 4. Bg2 g6 5. b3 Bg7 6. Bb2 O-O 7. O-O Bg4 8. d3 Nbd7 9. Nbd2 Re8 10. cxd5 cxd5 11. Rc1 Qa5 12. a3 Rac8 13. h3 Bxf3 14. Bxf3 b5 15. b4 Qa6 16. Qb3 e6 17. e3 Nb6 18. Bd4 Nfd7 19. Bxg7 Kxg7 20. Qb2+ f6 21. Nb3 Kf7 22. h4 h5 23. Kg2 (23. Nc5 $16 Na4 24. Nxa6 (24. Qxf6+ Kxf6 25. Nxa6 Ne5 $11) 24... Nxb2 25. Be2) 23... Rxc1 (23... Ne5 $14 24. Be2 (24. Nc5 Na4 $11) 24... Na4) 24. Rxc1 Rc8 25. Nc5 Nxc5 26. bxc5 Na4 27. Qb4 Qc6 28. Qb1 a6 (28... Nxc5 $2 29. d4 Qb6 30. Qc2 $18 (30. Rxc5 Rxc5 31. dxc5 Qxc5 $18)) 29. d4 Rd8 (29... Qd7 {was necessary.} 30. Bd1 Qc6) 30. Bd1 e5 31. Bc2 f5 32. Bxa4 bxa4 33. Qb6 Qxb6 34. cxb6 Rb8 35. Rc7+ Kf8 $18 (35... Ke6 $142 36. Rc6+ Kd7 37. Rxg6 exd4 38. exd4 Rh8 39. Rg7+ Kc8) 36. b7 1-0

[Event "34th GER-ch Seniors-65 2022"]
[Site "Magdeburg"]
[Date "2022.08.17"]
[Round "6.7"]
[White "Cichy, Michael"]
[Black "Knaak, Joachim"]
[Result "1/2-1/2"]
[ECO "E16"]
[WhiteElo "2031"]
[BlackElo "2142"]
[Annotator "TA"]
[PlyCount "30"]
[EventDate "2022.08.12"]
[EventType "swiss"]
[EventCountry "GER"]
[SourceTitle "playchess.com"]
[Source "ChessBase"]
[SourceQuality "1"]
[TimeControl "40/5400+30:1800+30"]

1. d4 Nf6 2. Nf3 e6 3. c4 b6 4. g3 Bb4+ 5. Bd2 Bxd2+ 6. Qxd2 Bb7 7. Bg2 d6 8. Nc3 Nbd7 9. Qc2 O-O 10. O-O Qe7 11. e4 e5 12. d5 {[%emt 0:00:58] E16: Queen's Indian: 4 g3 Bb7 5 Bg2 Bb4+.} a5 {[%emt 0:03:23] White is slightly better.} 13. Nd2 Nc5 {[%emt 0:03:10] [#]} 14. b3 $146 ({Predecessor:} 14. f4 Nfd7 15. Nb5 c6 16. Nc3 cxd5 17. exd5 Rae8 18. Rae1 f6 19. a3 Na6 20. Qb1 Qd8 21. Nb5 Ndb8 22. Ne4 {1-0 (22) Mladenovic,S (2336)-Tonic,M (1988) Leskovac 2014}) 14... Ng4 15. Rae1 Rae8 {[%emt 0:09:20] Black did not feel at home in the position after the opening.  Weighted Error Value: White=0.11 (very precise) /Black=0.12 (very precise)} 1/2-1/2

[Event "34th GER-ch Seniors-65 2022"]
[Site "Magdeburg"]
[Date "2022.08.17"]
[Round "6.9"]
[White "Neese, Hans-Joachim"]
[Black "Heinemann, Ernst"]
[Result "1/2-1/2"]
[ECO "A38"]
[WhiteElo "2059"]
[BlackElo "2120"]
[Annotator "TA"]
[PlyCount "79"]
[EventDate "2022.08.12"]
[EventType "swiss"]
[EventCountry "GER"]
[SourceTitle "playchess.com"]
[Source "ChessBase"]
[SourceQuality "1"]
[TimeControl "40/5400+30:1800+30"]

1. Nf3 c5 2. c4 Nc6 3. Nc3 Nf6 4. g3 g6 5. Bg2 Bg7 6. O-O O-O 7. d3 d5 8. cxd5 Nxd5 9. Nxd5 Qxd5 10. Qa4 Qh5 {[%emt 0:08:54] A38: Symmetrical English vs ...g6: 4 Bg2 Bg7 5 Nf3 Nf6.} (10... Qd6 $15) 11. Rb1 (11. Qb5 {with more complications.} Bg4 12. Qxb7 Nd4 13. Nxd4 Bxd4 14. Re1) 11... Bd7 12. Qh4 Qxh4 {[%emt 0:01:29] Black is slightly better.} 13. Nxh4 {[%emt 0:00:10] [#]} Rad8 $146 ({Predecessor:} 13... Rac8 14. Re1 e5 15. Bd2 Be6 16. b3 Rfd8 17. Rbc1 b6 18. Bc3 Bh6 19. Rc2 Nb4 {0-1 (45) Gaulin,G (1973)-Plante,R (2034) Quebec 2019}) 14. Nf3 b6 15. b3 Nb4 16. a3 Nd5 17. Bb2 Nc3 18. Bxc3 Bxc3 19. Rfc1 Bf6 20. b4 cxb4 21. axb4 Rc8 {[%emt 0:00:50] Prevents Rc7.} 22. d4 Rxc1+ 23. Rxc1 Rc8 24. Rxc8+ Bxc8 $15 {[%emt 0:00:04][%mdl 4096] Endgame KBB-KBN} 25. e3 a5 26. bxa5 bxa5 27. Nd2 e6 ({Better is} 27... a4 $17 {Threatens to win with ...e5.} 28. Nb1 Bd7) 28. Bc6 $11 Ba6 29. Nb3 Bd8 $1 30. f4 h5 31. h4 Kf8 32. Nc5 Bc4 33. Ba4 Be7 34. Kf2 Kg7 35. e4 f6 36. Ke3 g5 37. f5 (37. hxg5 $11 fxg5 38. Be8) 37... exf5 $17 38. exf5 Bd5 39. Kf2 g4 40. Ke1 {[%emt 0:00:30] Weighted Error Value: White=0.19 (very precise) /Black=0.11 (very precise)} 1/2-1/2

[Event "34th GER-ch Seniors-65 2022"]
[Site "Magdeburg"]
[Date "2022.08.17"]
[Round "6.10"]
[White "Westermann, Johannes"]
[Black "Schulz, Michael"]
[Result "0-1"]
[ECO "A75"]
[WhiteElo "2056"]
[BlackElo "2217"]
[Annotator "TA"]
[PlyCount "76"]
[EventDate "2022.08.12"]
[EventType "swiss"]
[EventCountry "GER"]
[SourceTitle "playchess.com"]
[Source "ChessBase"]
[SourceQuality "1"]
[TimeControl "40/5400+30:1800+30"]

1. d4 Nf6 2. c4 c5 3. d5 e6 4. Nc3 exd5 5. cxd5 d6 6. e4 a6 7. a4 g6 8. Nf3 Bg7 9. Be2 O-O 10. Bf4 Nh5 11. Be3 Bg4 12. Nd2 Bxe2 13. Qxe2 Nd7 14. O-O Re8 15. g4 Nhf6 {[%emt 0:01:49] A75: Modern Benoni: Classical: 9...a6 10 a4 Bg4.} 16. h3 {[%emt 0:06:26] [#]} b5 $146 ({Predecessor:} 16... h6 17. a5 Nh7 18. Kg2 Ng5 19. f3 f5 20. Bxg5 hxg5 21. Nc4 Ne5 22. Nb6 Rb8 23. Qc2 fxg4 24. fxg4 {½-½ (35) Chernin,A (2604)-Balashov,Y (2578) Germany 1999}) 17. axb5 axb5 {[%emt 0:00:05] White is better.} 18. Rxa8 (18. Qxb5 $6 Rb8 19. Qa5 Ne5 $14) 18... Qxa8 19. Qxb5 {[%emt 0:00:22] Black must now prevent g5.} ({Don't do} 19. Nxb5 Qa6 $11) 19... Ne5 20. Qe2 Qb8 (20... Rb8 $142) 21. Nb5 ({White should try} 21. Rb1 $16) 21... h6 (21... Ned7 $1 $11) 22. b3 (22. Ra1 $16) 22... Qb6 ({Better is} 22... Ned7 $1 $14) 23. Kg2 (23. b4 $142) 23... g5 24. f3 (24. b4 $16) 24... Ng6 $11 {[%emt 0:00:54][%cal Of6d5] aiming for ...Nxd5!} 25. Na3 $2 {[%emt 0:00:52][%mdl 8192] [#]} (25. Kh1 $11 {and White is okay.}) 25... Nxd5 $1 $19 26. Nac4 Ndf4+ 27. Kf2 $2 (27. Kh1 Nxe2 28. Nxb6) 27... Qb8 ({Weaker is} 27... Nxe2 28. Nxb6 Nef4 29. Ndc4 $11) 28. Qd1 d5 29. exd5 Nxd5 {[%emt 0:00:41] ( -> ...Qh2+)} 30. Rh1 {[%emt 0:00:55] Prevents Qh2+.} Ngf4 31. Ne4 Nxe3 ({But not} 31... Bd4 $2 32. Bxd4 cxd4 33. Qxd4 $19) 32. Kxe3 Bd4+ 33. Kd2 Qb4+ 34. Kc2 {[%emt 0:00:25] [#]} Rxe4 $1 35. fxe4 Qc3+ {[%emt 0:00:31] Black is clearly winning.} 36. Kb1 Qa1+ 37. Kc2 Qa2+ 38. Kc1 Ne2+ {[%emt 0:00:13] Weighted Error Value: White=1.35/Black=0.31} 0-1

[Event "34th GER-ch Seniors-65 2022"]
[Site "Magdeburg"]
[Date "2022.08.17"]
[Round "6.11"]
[White "Heinig, Wolfram"]
[Black "Falk, Thomas"]
[Result "1/2-1/2"]
[ECO "A37"]
[WhiteElo "2244"]
[BlackElo "2067"]
[Annotator "TA"]
[PlyCount "34"]
[EventDate "2022.08.12"]
[EventType "swiss"]
[EventCountry "GER"]
[SourceTitle "playchess.com"]
[Source "ChessBase"]
[SourceQuality "1"]
[TimeControl "40/5400+30:1800+30"]

1. c4 c5 2. Nf3 Nc6 3. Nc3 g6 4. g3 Bg7 5. Bg2 e6 6. O-O Nge7 7. a3 O-O 8. d3 d5 9. Bd2 b6 10. Rb1 Bb7 11. b4 {[%emt 0:17:22] A37: Symmetrical English vs ...g6: 4 Bg2 Bg7 5 Nf3.} dxc4 12. dxc4 {[%emt 0:00:50] [#]} Rb8 $146 ({Predecessor:} 12... cxb4 13. axb4 a5 14. bxa5 Nxa5 15. Bg5 Bxc3 16. Qxd8 Rfxd8 17. Bxe7 Rd7 18. Bb4 Bxb4 19. Rxb4 Bxf3 20. Bxf3 Rc8 21. Rxb6 Nxc4 {½-½ (33) Bachmann,A (2652)-Popov,I (2618) Benasque 2014}) 13. bxc5 {[%emt 0:07:35] White has an edge.} bxc5 14. Na4 Ba6 {[%emt 0:01:21] [#]} 15. Rxb8 (15. Rc1 $1 $16) 15... Nxb8 $11 ({But not} 15... Qxb8 16. Nxc5 Bxc4 17. Nd7 $16) 16. Qc2 Qc7 17. Bc3 (17. Bf4 $5 e5 18. Be3 $11) 17... Nd7 {[%emt 0:02:27] Weighted Error Value: White=0.16 (very precise) /Black=0.23 (precise)} 1/2-1/2

[Event "34th GER-ch Seniors-65 2022"]
[Site "Magdeburg"]
[Date "2022.08.18"]
[Round "7.1"]
[White "Boidman, Yuri"]
[Black "Larem, Ewald"]
[Result "1-0"]
[ECO "C11"]
[WhiteElo "2286"]
[BlackElo "2124"]
[Annotator "TA"]
[PlyCount "25"]
[EventDate "2022.08.12"]
[EventType "swiss"]
[EventCountry "GER"]
[SourceTitle "playchess.com"]
[Source "ChessBase"]
[SourceQuality "1"]
[TimeControl "40/5400+30:1800+30"]

1. e4 e6 2. Nf3 d5 3. Nc3 Nf6 4. e5 Nfd7 5. Ne2 c5 6. c3 Nc6 7. d4 cxd4 8. cxd4 f6 9. Nf4 {[%emt 0:00:08] C11: French: Classical System: 4 e5 and 4 Bg5 dxe4.} Qe7 (9... Bb4+ $11 10. Bd2 Qe7) 10. Bd3 $1 $14 {[%emt 0:01:00] And now 0-0 would win. White is more active.} fxe5 11. dxe5 g6 $2 {[%emt 0:01:40][%mdl 8192] [#]} ({Not} 11... g5 12. Ng6 $1 Qg7 13. Nxh8 $16) (11... Ncxe5 $14 12. O-O (12. Nxe5 Nxe5 13. Qh5+ Nf7 $14) 12... g6) 12. Nxg6 $1 $18 {[%emt 0:01:02][%mdl 512] [#]} hxg6 $146 (12... Qg7 13. Nxh8) ({Predecessor:} 12... Qg7 13. Nxh8 Qxh8 14. O-O Ndxe5 15. Nxe5 Qxe5 16. Re1 Qf6 17. Qh5+ Kd7 18. Qxh7+ Kd8 {1-0 (31) Engel,R (1449)-Wong,K (1312) Verden 2014}) 13. Bxg6+ {[%emt 1:26:37] Black did not feel at home in the position after the opening.  Weighted Error Value: White=0.05 (flawless) /Black=1.03} 1-0

[Event "34th GER-ch Seniors-65 2022"]
[Site "Magdeburg"]
[Date "2022.08.18"]
[Round "7.3"]
[White "Heinemann, Ernst"]
[Black "Klundt, Klaus"]
[Result "0-1"]
[ECO "B46"]
[WhiteElo "2120"]
[BlackElo "2288"]
[Annotator "TA"]
[PlyCount "90"]
[EventDate "2022.08.12"]
[EventType "swiss"]
[EventCountry "GER"]
[SourceTitle "playchess.com"]
[Source "ChessBase"]
[SourceQuality "1"]
[TimeControl "40/5400+30:1800+30"]

1. e4 c5 2. Nf3 e6 3. Nc3 a6 4. d4 cxd4 5. Nxd4 Nc6 6. Nxc6 bxc6 7. Bd3 Qc7 8. O-O Nf6 9. Qe2 Be7 10. b3 d5 11. Bb2 O-O 12. e5 {[%emt 0:07:07] B46: Sicilian: Taimanov: 5 Nc3 a6.} Nd7 13. Na4 {[%emt 0:00:51] [#]} Nc5 $146 (13... c5 $15) ({Predecessor:} 13... c5 14. c4 d4 15. f4 g6 16. Rae1 Bb7 17. Bc1 Nb6 18. Nb2 a5 19. a4 Rfe8 {0-1 (45) Ozer,O (2317)-Godzwon,I (2347) Chess.com INT 2020}) 14. Nxc5 $11 {[%emt 0:00:32] The position is equal.} Bxc5 15. Kh1 (15. c4 $142) 15... a5 16. a4 Qa7 17. Rad1 Ba6 18. f4 $40 {[%emt 0:01:04][%mdl 128] White has some attack.} Rfe8 19. Qg4 g6 20. f5 Bxd3 21. Rxd3 exf5 22. Rxf5 Qd7 23. Rdf3 Bf8 (23... Ba3 $11 24. Ba1 (24. Bxa3 $2 Rxe5 25. Rxe5 Qxg4 $17) 24... d4) 24. Qg3 Ra7 25. h4 (25. Rxf7 $14 Qxf7 26. Rxf7 Rxf7 27. Qd3) 25... Bg7 (25... Qd8 $11 {remains equal.}) 26. h5 (26. Rxf7 $16 Qxf7 27. Rxf7 Rxf7 28. Qe3) 26... Re6 (26... Qd8 $11) 27. hxg6 (27. Rxf7 $14 Qxf7 28. Rxf7 Rxf7 29. Qe1) 27... hxg6 (27... fxg6 $11 28. Rf7 Qxf7 29. Rxf7 Rxf7) 28. Rg5 $2 {[%emt 0:01:09] [#]} (28. Rxf7 $16 {is forced if you want to stay better.} Qxf7 29. Rxf7 Rxf7 30. Qg5) 28... Qe8 29. Qh4 c5 {[%emt 0:01:47] Against Bd4} 30. Rh3 d4 {[%emt 0:00:18] Threatens to win with ...Rae7.} 31. Qh7+ (31. Bc1 $11 {keeps the balance.}) 31... Kf8 $17 32. Ba3 Rc7 (32... Qe7 33. Bc1) 33. Rf3 Qc6 (33... Rxe5 $17 34. Bc1 (34. Rxg6 Re1+ 35. Kh2 Qe5+ 36. Rgg3 Rc6 $17) 34... Rxg5 35. Bxg5 Qe1+ 36. Kh2 Be5+ 37. Bf4 Bxf4+ 38. Rxf4 Qe5) 34. Rg4 (34. Rf1 $15) 34... Bxe5 $2 (34... Rxe5 $17 35. Rxg6 Re1+ 36. Kh2 Be5+ 37. Rgg3 Bxg3+ 38. Kxg3 Qd6+ 39. Kf2 Re3 40. Qh8+ Ke7 41. Qh4+ Ke8 42. Qh8+ Ke7 43. Qh4+ Kd7 44. Qh3+ Kc6 45. Rxe3 dxe3+ 46. Qxe3 Re7 47. Qf3+ Kb6) 35. Qh4 (35. Bc1 $1 $11 {and White stays safe.}) 35... Kg8 36. Bc1 (36. Rh3 $142 f5 37. Rgg3) 36... Rce7 $2 (36... f5 $19 37. Rxf5 Qd6) 37. Bg5 (37. Rh3 $2 f5 38. Rg5 Qe4 39. Qxe4 fxe4 $19) 37... Re8 ({Black should play} 37... Rd7 $17 {White must now prevent ...f5.} 38. Kg1 (38. Rh3 f5 $17) 38... c4 39. bxc4 Qc5) 38. Re4 $2 (38. Rh3 Bg7 39. Qh7+ Kf8) (38. Rxf7 $1 $11 Bg7 39. Rf3) 38... Bg7 $19 39. Rxe6 Qxe6 ({And not} 39... fxe6 40. Rh3 Kf7 41. Rf3+ Kg8 42. Bf6 $11) 40. Bd2 $2 {[%emt 0:01:11] Inhibits Qe1+.} (40. Kg1 $17) 40... Qe2 41. Qf4 f5 {[%emt 0:01:56] [#] aiming for ...Be5.} 42. Bxa5 Qxc2 {[%emt 0:03:00] Black is clearly winning.} 43. Bc7 (43. Rf1 $142 Qxb3 44. Qd6) 43... Qd1+ 44. Kh2 Re1 {[%emt 0:00:22] ( -> ...Rh1+)} 45. Kg3 Re4 {[%emt 0:01:09] Weighted Error Value: White=0.87/Black=0.48} 0-1